[Event "World Senior chT-65 2019"]
[Site "Rhodes"]
[Date "2019.04.24"]
[Round "9.21"]
[White "Pedersen, Svend"]
[Black "Karason, Askell O"]
[Result "0-1"]
[ECO "B25"]
[WhiteElo "2178"]
[BlackElo "2252"]
[Annotator "NA"]
[PlyCount "81"]
[EventDate "2019.04.16"]
[EventType "team-tourn"]
[EventCountry "GRE"]
[SourceTitle "playchess.com"]
[Source "ChessBase"]
[SourceQuality "1"]
[WhiteTeam "Denmark"]
[BlackTeam "Iceland"]
[WhiteTeamCountry "DEN"]
[BlackTeamCountry "ISL"]
[TimeControl "40/5400+30:1800+30"]

1. e4 c5 2. Nc3 Nc6 3. g3 g6 4. Bg2 Bg7 5. d3 d6 6. Nh3 Nf6 7. O-O O-O 8. f4 Bg4 9. Qd2 Nd4 10. Kh1 Rc8 11. Ng1 b5 12. h3 Bd7 13. Qf2 Bc6 14. Nd5 b4 15. c3 bxc3 16. bxc3 Nb5 17. Bd2 Nd7 18. a4 Nc7 19. Nxc7 Qxc7 20. d4 Nb6 21. dxc5 dxc5 22. Qxc5 Bxe4 23. Qxc7 Bxg2+ 24. Kxg2 Rxc7 25. Ne2 Nc4 26. Ra2 Rd8 27. Bc1 Rd5 28. Nd4 Bxd4 29. cxd4 Rxd4 30. f5 Rb7 31. Rc2 f6 32. a5 Nxa5 33. Be3 Re4 34. Bh6 gxf5 35. Rxf5 Nc4 36. Kf3 Nd6 37. Ra5 Rc4 38. Rxc4 Nxc4 39. Ra6 Kf7 40. Ke4 Rb3 41. Kd4 0-1

[Event "World Senior chT-65 2019"]
[Site "Rhodes"]
[Date "2019.04.24"]
[Round "9.22"]
[White "Gudmundsson, Kristjan"]
[Black "Holst, Per"]
[Result "1-0"]
[ECO "A08"]
[WhiteElo "2268"]
[BlackElo "2150"]
[Annotator "NA"]
[PlyCount "57"]
[EventDate "2019.04.16"]
[EventType "team-tourn"]
[EventCountry "GRE"]
[SourceTitle "playchess.com"]
[Source "ChessBase"]
[SourceQuality "1"]
[WhiteTeam "Iceland"]
[BlackTeam "Denmark"]
[WhiteTeamCountry "ISL"]
[BlackTeamCountry "DEN"]
[TimeControl "40/5400+30:1800+30"]

1. Nf3 e6 2. g3 c5 3. Bg2 d5 4. O-O Nc6 5. d3 g6 6. Nbd2 Bg7 7. e4 Nge7 8. Re1 b6 9. e5 Qc7 10. Qe2 Bb7 11. Nf1 h6 12. h4 O-O-O 13. c3 d4 14. c4 Rdg8 15. N1h2 g5 16. h5 Kb8 17. Ng4 Nf5 18. Bd2 Qe7 19. a3 Re8 20. b4 cxb4 21. axb4 Nxb4 22. Bxb4 Qxb4 23. Reb1 Qe7 24. Qa2 Bc6 25. c5 b5 26. Nf6 Bxf6 27. exf6 Qb7 28. Ne5 Bxg2 29. c6 1-0

[Event "World Senior chT-65 2019"]
[Site "Rhodes"]
[Date "2019.04.24"]
[Round "9.23"]
[White "Hvenekilde, Jorgen"]
[Black "Halldorsson, Bragi"]
[Result "0-1"]
[ECO "D16"]
[WhiteElo "2046"]
[BlackElo "2112"]
[Annotator "NA"]
[PlyCount "68"]
[EventDate "2019.04.16"]
[EventType "team-tourn"]
[EventCountry "GRE"]
[SourceTitle "playchess.com"]
[Source "ChessBase"]
[SourceQuality "1"]
[WhiteTeam "Denmark"]
[BlackTeam "Iceland"]
[WhiteTeamCountry "DEN"]
[BlackTeamCountry "ISL"]
[TimeControl "40/5400+30:1800+30"]

1. d4 c6 2. Nf3 d5 3. c4 Nf6 4. Nc3 dxc4 5. a4 Bf5 6. e3 Na6 7. Bxc4 Nb4 8. O-O e6 9. Qe2 Nbd5 10. Ne5 Bd6 11. f4 Qc7 12. Bd2 O-O 13. Rfc1 a6 14. h3 Rac8 15. g4 Nxc3 16. bxc3 Be4 17. Bd3 c5 18. g5 Bxe5 19. fxe5 Bxd3 20. Qxd3 Nh5 21. Qe2 g6 22. Qg2 Rfd8 23. a5 Rb8 24. Rcb1 b5 25. axb6 Rxb6 26. Rxb6 Qxb6 27. Be1 a5 28. Qa2 Ra8 29. Qa4 Qb7 30. dxc5 Qf3 31. Bf2 Ng3 32. Bxg3 Qxg3+ 33. Kf1 Qf3+ 34. Ke1 Qxe3+ 0-1

[Event "World Senior chT-65 2019"]
[Site "Rhodes"]
[Date "2019.04.24"]
[Round "9.24"]
[White "Kristinsson, Jon"]
[Black "Grevlund, Per"]
[Result "1-0"]
[ECO "D31"]
[WhiteElo "2094"]
[BlackElo "1998"]
[Annotator "NA"]
[PlyCount "79"]
[EventDate "2019.04.16"]
[EventType "team-tourn"]
[EventCountry "GRE"]
[SourceTitle "playchess.com"]
[Source "ChessBase"]
[SourceQuality "1"]
[WhiteTeam "Iceland"]
[BlackTeam "Denmark"]
[WhiteTeamCountry "ISL"]
[BlackTeamCountry "DEN"]
[TimeControl "40/5400+30:1800+30"]

1. d4 d5 2. c4 e6 3. Nc3 c6 4. e4 dxe4 5. Nxe4 Bb4+ 6. Nc3 Nf6 7. Nf3 Nbd7 8. Bd3 O-O 9. O-O Re8 10. Bg5 Be7 11. Qc2 Nf8 12. Rad1 b6 13. Rfe1 Bb7 14. Qe2 Qc7 15. Ne5 Rad8 16. Bc2 a6 17. a3 c5 18. dxc5 bxc5 19. Bf4 Qc8 20. Ne4 Nxe4 21. Bxe4 Bxe4 22. Qxe4 Rxd1 23. Rxd1 Rd8 24. Rxd8 Qxd8 25. Nd3 Qc8 26. h3 Nd7 27. Be3 Nf6 28. Qe5 Nd7 29. Qc3 Bf6 30. Qa5 Bd8 31. Qa4 Be7 32. Qa5 Bd8 33. Qc3 Bf6 34. Qc2 g6 35. b4 Be7 36. Qc3 Bf6 37. Qb3 Be7 38. b5 a5 39. b6 Qb7 40. Qb5 1-0

[Event "World Senior chT-65 2019"]
[Site "Rhodes"]
[Date "2019.04.24"]
[Round "9.25"]
[White "Steedman, James"]
[Black "Boehnisch, Manfred"]
[Result "1/2-1/2"]
[ECO "D18"]
[WhiteElo "2127"]
[BlackElo "2287"]
[Annotator "NA"]
[PlyCount "93"]
[EventDate "2019.04.16"]
[EventType "team-tourn"]
[EventCountry "GRE"]
[SourceTitle "playchess.com"]
[Source "ChessBase"]
[SourceQuality "1"]
[WhiteTeam "Norway"]
[BlackTeam "Germany"]
[WhiteTeamCountry "NOR"]
[BlackTeamCountry "GER"]
[TimeControl "40/5400+30:1800+30"]

1. d4 d5 2. c4 c6 3. Nf3 Nf6 4. Nc3 dxc4 5. a4 Bf5 6. e3 e6 7. Bxc4 Bb4 8. O-O Nbd7 9. Qe2 Bg4 10. h3 Bh5 11. Rd1 Bxc3 12. bxc3 Ne4 13. Ra3 Ng5 14. e4 Nxf3+ 15. gxf3 Qf6 16. Rd3 O-O 17. Qe3 h6 18. Qf4 Qe7 19. Rb3 b6 20. Qg3 Kh8 21. Ba3 c5 22. Bb5 Rfc8 23. d5 exd5 24. Rxd5 Nf6 25. Rd2 Rd8 26. Rbb2 Rxd2 27. Rxd2 Rd8 28. Rxd8+ Qxd8 29. Qf4 Qd1+ 30. Kg2 Qb3 31. Qc1 Kh7 32. Qb2 Qd1 33. Qe2 Qb3 34. Qb2 Qe6 35. Qe2 Nd7 36. Bxd7 Qxd7 37. Qc2 a5 38. Bc1 Qd6 39. e5+ Qg6+ 40. Qxg6+ Bxg6 41. Bf4 Bc2 42. e6 fxe6 43. Bc7 Bxa4 44. Bxb6 Bc6 45. Bxa5 c4 46. Kg3 Kg6 47. f4 1/2-1/2

[Event "World Senior chT-65 2019"]
[Site "Rhodes"]
[Date "2019.04.24"]
[Round "9.26"]
[White "Beltz, Robert"]
[Black "Melkeraen, Terje"]
[Result "1-0"]
[ECO "E90"]
[WhiteElo "2158"]
[BlackElo "2006"]
[Annotator "NA"]
[PlyCount "63"]
[EventDate "2019.04.16"]
[EventType "team-tourn"]
[EventCountry "GRE"]
[SourceTitle "playchess.com"]
[Source "ChessBase"]
[SourceQuality "1"]
[WhiteTeam "Germany"]
[BlackTeam "Norway"]
[WhiteTeamCountry "GER"]
[BlackTeamCountry "NOR"]
[TimeControl "40/5400+30:1800+30"]

1. Nf3 Nf6 2. c4 g6 3. Nc3 Bg7 4. d4 O-O 5. Bg5 d6 6. h3 c6 7. e4 Qa5 8. Qd2 e5 9. Rd1 Nbd7 10. Be2 Re8 11. dxe5 dxe5 12. O-O Qc7 13. b4 Nf8 14. c5 Ne6 15. Qd6 h6 16. Be3 Nh5 17. g3 Qxd6 18. Rxd6 Nd4 19. Nxd4 exd4 20. Bxd4 Bxd4 21. Rxd4 Bxh3 22. Rfd1 Nf6 23. f3 h5 24. Bc4 Be6 25. Bxe6 Rxe6 26. Rd6 Rae8 27. e5 Nh7 28. f4 Nf8 29. Ne4 Kg7 30. Nf6 R8e7 31. a4 a6 32. Rd8 1-0

[Event "World Senior chT-65 2019"]
[Site "Rhodes"]
[Date "2019.04.24"]
[Round "9.27"]
[White "Johnsen, Oystein"]
[Black "Baumbach, Friedrich"]
[Result "1/2-1/2"]
[ECO "D02"]
[WhiteElo "1986"]
[BlackElo "2089"]
[Annotator "NA"]
[PlyCount "50"]
[EventDate "2019.04.16"]
[EventType "team-tourn"]
[EventCountry "GRE"]
[SourceTitle "playchess.com"]
[Source "ChessBase"]
[SourceQuality "1"]
[WhiteTeam "Norway"]
[BlackTeam "Germany"]
[WhiteTeamCountry "NOR"]
[BlackTeamCountry "GER"]
[TimeControl "40/5400+30:1800+30"]

1. d4 d5 2. Bf4 Nf6 3. e3 e6 4. Nf3 Be7 5. Bd3 O-O 6. Ne5 c5 7. c3 Nc6 8. Nd2 Qb6 9. Rb1 Bd7 10. Ndf3 Rad8 11. Ng5 g6 12. h4 Nh5 13. Ngf3 Nxf4 14. exf4 cxd4 15. h5 dxc3 16. bxc3 Qc5 17. Qc2 f6 18. Nxd7 Rxd7 19. hxg6 hxg6 20. Rh6 f5 21. Rb5 Qd6 22. Rxg6+ Kf7 23. Bxf5 Bf6 24. Ng5+ Ke8 25. Bh3 Re7 1/2-1/2

[Event "World Senior chT-65 2019"]
[Site "Rhodes"]
[Date "2019.04.24"]
[Round "9.28"]
[White "Just, Joachim"]
[Black "Bjorgvik, Jan Arne"]
[Result "1/2-1/2"]
[ECO "D02"]
[WhiteElo "1970"]
[BlackElo "1779"]
[Annotator "NA"]
[PlyCount "139"]
[EventDate "2019.04.16"]
[EventType "team-tourn"]
[EventCountry "GRE"]
[SourceTitle "playchess.com"]
[Source "ChessBase"]
[SourceQuality "1"]
[WhiteTeam "Germany"]
[BlackTeam "Norway"]
[WhiteTeamCountry "GER"]
[BlackTeamCountry "NOR"]
[TimeControl "40/5400+30:1800+30"]

1. Nf3 d5 2. d4 e6 3. c3 Nf6 4. Bg5 Be7 5. Nbd2 h6 6. Bxf6 Bxf6 7. e4 dxe4 8. Nxe4 O-O 9. Bd3 Be7 10. O-O Nd7 11. Re1 Nf6 12. Qe2 c6 13. Rad1 Qc7 14. Ne5 Nd7 15. f4 c5 16. Kh1 Nxe5 17. fxe5 cxd4 18. cxd4 Bd7 19. Qg4 f5 20. exf6 Bxf6 21. Qg6 Be8 22. Qg4 Bxd4 23. Ng5 hxg5 24. Qxd4 Bf7 25. Qe4 g6 26. Rf1 Rad8 27. Qg4 Qe5 28. Bc4 Kg7 29. Rxd8 Rxd8 30. Qf3 Rd7 31. Qb3 b6 32. Qf3 Qxb2 33. Qc6 Qd4 34. Bb5 Rd8 35. Qc7 Rf8 36. Qe7 Qc5 37. Qd7 Qd5 38. Rd1 Qxd7 39. Rxd7 a6 40. Bxa6 Ra8 41. Bc4 Rc8 42. Bf1 Rc1 43. Kg1 e5 44. Kf2 Kf8 45. Bd3 Rc5 46. Ke3 Bxa2 47. Rd6 Rc3 48. Kd2 Rb3 49. Bc2 Rb4 50. Rxg6 g4 51. Rg5 Rf4 52. Rxe5 Rf2+ 53. Re2 Rxe2+ 54. Kxe2 b5 55. Ke3 b4 56. Kf4 b3 57. Bxb3 Bxb3 58. Kxg4 Kg7 59. Kg5 Bc2 60. g3 Bd3 61. h3 Bc2 62. g4 Bg6 63. Kf4 Kh6 64. h4 Be8 65. Ke5 Bd7 66. g5+ Kh5 67. Kf6 Kxh4 68. g6 Ba4 69. g7 Bb3 70. Ke5 1/2-1/2

[Event "World Senior chT-65 2019"]
[Site "Rhodes"]
[Date "2019.04.24"]
[Round "9.29"]
[White "Carlsson, Ingvar"]
[Black "Andersson, Kaj"]
[Result "1/2-1/2"]
[ECO "B24"]
[WhiteElo "2119"]
[BlackElo "2030"]
[Annotator "NA"]
[PlyCount "35"]
[EventDate "2019.04.16"]
[EventType "team-tourn"]
[EventCountry "GRE"]
[SourceTitle "playchess.com"]
[Source "ChessBase"]
[SourceQuality "1"]
[WhiteTeam "Sweden"]
[BlackTeam "Sweden"]
[WhiteTeamCountry "SWE"]
[BlackTeamCountry "SWE"]
[TimeControl "40/5400+30:1800+30"]

1. e4 c5 2. Nc3 e6 3. g3 d5 4. Bg2 Nf6 5. d3 Nc6 6. exd5 exd5 7. Bg5 d4 8. Nd5 Be7 9. Nxe7 Qxe7+ 10. Qe2 $11 Be6 11. Nf3 O-O 12. Ne5 Nb4 13. O-O Bd5 14. Rfe1 Bxg2 15. Kxg2 h6 16. Bxf6 Qxf6 17. a3 Nd5 18. Qf3 1/2-1/2

[Event "World Senior chT-65 2019"]
[Site "Rhodes"]
[Date "2019.04.24"]
[Round "9.30"]
[White "Carlsten, Peter"]
[Black "Nordstrom, Felix"]
[Result "1/2-1/2"]
[ECO "B84"]
[WhiteElo "2002"]
[BlackElo "2044"]
[Annotator "NA"]
[PlyCount "25"]
[EventDate "2019.04.16"]
[EventType "team-tourn"]
[EventCountry "GRE"]
[SourceTitle "playchess.com"]
[Source "ChessBase"]
[SourceQuality "1"]
[WhiteTeam "Sweden"]
[BlackTeam "Sweden"]
[WhiteTeamCountry "SWE"]
[BlackTeamCountry "SWE"]
[TimeControl "40/5400+30:1800+30"]

1. e4 c5 2. Nf3 e6 3. d4 cxd4 4. Nxd4 a6 5. Nc3 Qc7 6. Be2 Nf6 7. O-O d6 8. Be3 b5 9. a3 Bb7 10. Bd3 Nbd7 11. Re1 Be7 12. f4 O-O 13. Kh1 1/2-1/2

[Event "World Senior chT-65 2019"]
[Site "Rhodes"]
[Date "2019.04.24"]
[Round "9.31"]
[White "Grahn, Lars"]
[Black "Gustavsson, Sture"]
[Result "1-0"]
[ECO "E70"]
[WhiteElo "1985"]
[BlackElo "1976"]
[Annotator "NA"]
[PlyCount "75"]
[EventDate "2019.04.16"]
[EventType "team-tourn"]
[EventCountry "GRE"]
[SourceTitle "playchess.com"]
[Source "ChessBase"]
[SourceQuality "1"]
[WhiteTeam "Sweden"]
[BlackTeam "Sweden"]
[WhiteTeamCountry "SWE"]
[BlackTeamCountry "SWE"]
[TimeControl "40/5400+30:1800+30"]

1. d4 Nf6 2. c4 g6 3. Nc3 Bg7 4. e4 d6 5. Nge2 O-O 6. Ng3 e5 7. d5 c6 8. Be2 cxd5 9. cxd5 Qb6 10. O-O Na6 11. Nb5 h5 12. Be3 Qd8 13. Bg5 Qd7 14. f3 Ne8 15. Rc1 Kh7 16. Qd2 f6 17. Be3 b6 18. Rc2 Bb7 19. h4 Qf7 20. b4 Kh8 21. Bd3 Qd7 22. Ne2 f5 23. a3 fxe4 24. fxe4 Rxf1+ 25. Kxf1 Nf6 26. Bg5 Kh7 27. Ng1 Nxe4 28. Bxe4 Qxb5+ 29. Ne2 Rf8+ 30. Kg1 Rc8 31. Ng3 Qd7 32. Qd3 Rxc2 33. Bxg6+ Kh8 34. Qxc2 Bxd5 35. Qd1 Qe6 36. Qxh5+ Kg8 37. Nf5 Qd7 38. Ne7+ 1-0

[Event "World Senior chT-65 2019"]
[Site "Rhodes"]
[Date "2019.04.24"]
[Round "9.32"]
[White "Lundgren, Ulf"]
[Black "Svensson, Soren"]
[Result "1/2-1/2"]
[ECO "D02"]
[WhiteElo "1964"]
[BlackElo "1964"]
[Annotator "NA RC"]
[PlyCount "45"]
[EventDate "2019.04.16"]
[EventType "team-tourn"]
[EventCountry "GRE"]
[SourceTitle "playchess.com"]
[Source "ChessBase"]
[SourceQuality "1"]
[WhiteTeam "Sweden"]
[BlackTeam "Sweden"]
[WhiteTeamCountry "SWE"]
[BlackTeamCountry "SWE"]
[TimeControl "40/5400+30:1800+30"]

1. d4 d5 2. Nf3 Nf6 3. Bf4 e6 4. e3 c5 5. c3 Nc6 6. Bd3 Bd6 7. Bg3 h6 8. Nbd2 Bxg3 9. hxg3 Qd6 10. dxc5 Qxc5 11. Nb3 Qe7 12. Qc2 e5 13. Bf5 e4 14. Bxc8 Rxc8 15. Nfd4 Nb4 16. Qe2 Nd3+ 17. Kf1 Qd7 18. Nc1 Ne5 19. Qb5 O-O 20. Qxd7 Nfxd7 21. Nf5 Ng6 22. Nb3 Rc7 23. Ke2 1/2-1/2

[Event "World Senior chT-65 2019"]
[Site "Rhodes"]
[Date "2019.04.24"]
[Round "9.33"]
[White "Jones, Iolo C"]
[Black "Baruch, Andrew J D"]
[Result "0-1"]
[ECO "E11"]
[WhiteElo "2187"]
[BlackElo "2039"]
[Annotator "NA"]
[PlyCount "63"]
[EventDate "2019.04.16"]
[EventType "team-tourn"]
[EventCountry "GRE"]
[SourceTitle "playchess.com"]
[Source "ChessBase"]
[SourceQuality "1"]
[WhiteTeam "Wales"]
[BlackTeam "England"]
[WhiteTeamCountry "WLS"]
[BlackTeamCountry "ENG"]
[TimeControl "40/5400+30:1800+30"]

1. d4 Nf6 2. Nf3 e6 3. c4 Bb4+ 4. Nbd2 d5 5. e3 O-O 6. Bd3 dxc4 7. Bxc4 Nbd7 8. O-O Bd6 9. e4 e5 10. d5 Nb6 11. Bb3 Bg4 12. h3 Bh5 13. Re1 Nfd7 14. g4 Bg6 15. Nf1 h5 16. Ng3 hxg4 17. hxg4 Nc5 18. Bc2 a5 19. Kg2 f6 20. Nh4 Be8 21. Nhf5 Bd7 22. Nxd6 cxd6 23. Nf5 Bxf5 24. gxf5 Kf7 25. Rh1 Rh8 26. Be3 Rxh1 27. Qxh1 Qh8 28. Bxc5 dxc5 29. Rc1 Qxh1+ {[%emt 0:00:35] Rf1 [%emt 00:00:38] Qg1+ Rxg1 [%clk 00:23:08] Nc4 [%clk 00:27:50] [%emt 00:00:17]} 30. Rxh1 {[%emt 0:12:24] Nd6 [%clk 00:20:36] Kf3 [%clk 00:05:55] [%emt 00:16:46] b5 [%clk 00:09:22] Ke2 [%clk 00:03:48] [%emt 00:04:33]} a4 31. Rh3 {[%emt 0:10:03] b4 [%clk 00:06:38] Re3 [%clk 00:01:08] [%emt 00:04:02]} c4 32. Bd1 {[%emt 0:01:32] b3 [%clk 00:06:00]} 0-1

[Event "World Senior chT-65 2019"]
[Site "Rhodes"]
[Date "2019.04.24"]
[Round "9.34"]
[White "Reuben, Stewart"]
[Black "Thornton, John D"]
[Result "1/2-1/2"]
[ECO "A21"]
[WhiteElo "1974"]
[BlackElo "2061"]
[Annotator "NA"]
[PlyCount "70"]
[EventDate "2019.04.16"]
[EventType "team-tourn"]
[EventCountry "GRE"]
[SourceTitle "playchess.com"]
[Source "ChessBase"]
[SourceQuality "1"]
[WhiteTeam "England"]
[BlackTeam "Wales"]
[WhiteTeamCountry "ENG"]
[BlackTeamCountry "WLS"]
[TimeControl "40/5400+30:1800+30"]

1. c4 e5 2. Nc3 f5 3. e4 d6 4. Nf3 Nf6 5. d3 Be7 6. Be2 O-O 7. Nd5 Nc6 8. Nxe7+ Qxe7 9. Bg5 Qf7 10. Bxf6 Qxf6 11. Qd2 fxe4 12. dxe4 Bg4 13. O-O Bxf3 14. Bxf3 Nd4 15. Be2 Qh4 16. f3 Rf6 17. Rf2 Raf8 18. Raf1 Qf4 19. Qxf4 Rxf4 20. Bd1 g5 21. h3 Kg7 22. g3 R4f6 23. Kg2 Kg6 24. Rd2 h5 25. Rdf2 Kh6 26. Rd2 b6 27. Rdf2 a5 28. Rd2 Ne6 29. Ba4 Nd4 30. Rdf2 h4 31. Bd7 hxg3 32. Kxg3 Ne6 33. Bxe6 Rxe6 34. Rh1 Rg8 35. Rfh2 Rf6 1/2-1/2

[Event "World Senior chT-65 2019"]
[Site "Rhodes"]
[Date "2019.04.24"]
[Round "9.35"]
[White "Waterfield, John W"]
[Black "Valentine, Brian J"]
[Result "0-1"]
[ECO "C47"]
[WhiteElo "1928"]
[BlackElo "1954"]
[Annotator "NA"]
[PlyCount "52"]
[EventDate "2019.04.16"]
[EventType "team-tourn"]
[EventCountry "GRE"]
[SourceTitle "playchess.com"]
[Source "ChessBase"]
[SourceQuality "1"]
[WhiteTeam "Wales"]
[BlackTeam "England"]
[WhiteTeamCountry "WLS"]
[BlackTeamCountry "ENG"]
[TimeControl "40/5400+30:1800+30"]

1. e4 Nc6 2. Nf3 e5 3. Nc3 Nf6 4. d4 exd4 5. Nxd4 Bb4 6. Nxc6 bxc6 7. Bd3 d5 8. exd5 cxd5 9. O-O O-O 10. Bg5 c6 11. Na4 h6 12. Bh4 Bd6 13. c4 Rb8 14. Re1 Bg4 15. f3 Be6 16. cxd5 $11 cxd5 17. Rc1 Rb4 18. Bxf6 Qxf6 19. b3 Qd4+ 20. Kh1 Qh4 21. h3 Qg3 22. Kg1 Bxh3 23. Qe2 Qh2+ 24. Kf1 Qh1+ 25. Kf2 Qxg2+ 26. Ke3 Bf4# 0-1

[Event "World Senior chT-65 2019"]
[Site "Rhodes"]
[Date "2019.04.24"]
[Round "9.36"]
[White "Thynne, Trefor F"]
[Black "Bevan, Peter M"]
[Result "1/2-1/2"]
[ECO "A46"]
[WhiteElo "1907"]
[BlackElo "1920"]
[Annotator "NA"]
[PlyCount "59"]
[EventDate "2019.04.16"]
[EventType "team-tourn"]
[EventCountry "GRE"]
[SourceTitle "playchess.com"]
[Source "ChessBase"]
[SourceQuality "1"]
[WhiteTeam "England"]
[BlackTeam "Wales"]
[WhiteTeamCountry "ENG"]
[BlackTeamCountry "WLS"]
[TimeControl "40/5400+30:1800+30"]

1. d4 Nf6 2. Nf3 e6 3. Bf4 c5 4. c3 Qb6 5. Qb3 Nc6 6. Qxb6 axb6 7. e3 Nd5 8. Bg3 f5 9. Bc4 f4 10. Bxd5 fxg3 11. Be4 d5 12. Bc2 gxf2+ 13. Kxf2 Bd6 14. Nbd2 O-O 15. Ke2 e5 16. dxe5 Nxe5 17. Nxe5 Bxe5 18. Nf3 Bg4 19. h3 Bxf3+ 20. gxf3 d4 21. cxd4 cxd4 22. Bb3+ Kh8 23. e4 d3+ 24. Kxd3 Rxf3+ 25. Ke2 Raf8 26. Raf1 Rxf1 27. Rxf1 Rxf1 28. Kxf1 Bxb2 29. Bd5 g6 30. Bxb7 1/2-1/2

[Event "World Senior chT-65 2019"]
[Site "Rhodes"]
[Date "2019.04.24"]
[Round "9.37"]
[White "Vucenovic, Dragomir"]
[Black "Wihlborn, Bengt"]
[Result "1-0"]
[ECO "E18"]
[WhiteElo "2168"]
[BlackElo "1820"]
[Annotator "NA"]
[PlyCount "23"]
[EventDate "2019.04.16"]
[EventType "team-tourn"]
[EventCountry "GRE"]
[SourceTitle "playchess.com"]
[Source "ChessBase"]
[SourceQuality "1"]
[WhiteTeam "Switzerland"]
[BlackTeam "Sweden"]
[WhiteTeamCountry "SUI"]
[BlackTeamCountry "SWE"]
[TimeControl "40/5400+30:1800+30"]

1. Nf3 Nf6 2. g3 b6 3. Bg2 Bb7 4. O-O e6 5. d4 Be7 6. c4 O-O 7. Nc3 d5 8. Ne5 Nbd7 9. Qa4 Nxe5 10. dxe5 Nd7 11. cxd5 Nxe5 12. d6 1-0

[Event "World Senior chT-65 2019"]
[Site "Rhodes"]
[Date "2019.04.24"]
[Round "9.38"]
[White "Dalling, Peter"]
[Black "Bhend, Edwin"]
[Result "0-1"]
[ECO "B21"]
[WhiteElo "1830"]
[BlackElo "2120"]
[Annotator "NA"]
[PlyCount "96"]
[EventDate "2019.04.16"]
[EventType "team-tourn"]
[EventCountry "GRE"]
[SourceTitle "playchess.com"]
[Source "ChessBase"]
[SourceQuality "1"]
[WhiteTeam "Sweden"]
[BlackTeam "Switzerland"]
[WhiteTeamCountry "SWE"]
[BlackTeamCountry "SUI"]
[TimeControl "40/5400+30:1800+30"]

1. e4 c5 2. Nf3 Nc6 3. d4 cxd4 4. c3 dxc3 5. Nxc3 d6 6. Bc4 e6 7. Qe2 Nf6 8. O-O a6 9. a4 Be7 10. Rd1 Bd7 11. h3 Qc7 12. Bf4 Ne5 13. Bb3 O-O 14. Nd4 Rfe8 15. Rac1 Qb8 16. Bg3 Nc6 17. Nf3 b6 18. e5 dxe5 19. Nxe5 Nxe5 20. Bxe5 Qb7 21. Bc2 Bc6 22. Bxf6 Bxf6 23. Ne4 Be7 24. f3 Rad8 25. Qe1 f5 26. Nc3 Bc5+ 27. Kh2 Qc7+ 28. Kh1 Qe7 29. Qg3 Bd6 30. Qf2 Bc7 31. Ne2 Rxd1+ 32. Bxd1 Rd8 33. Qe1 Bb7 34. Qc3 Bb8 35. Qb3 Qd6 36. f4 Bd5 37. Qg3 Qb4 38. b3 Qd2 39. Qc3 Bxf4 40. Nxf4 Qxf4 41. Be2 a5 42. Rf1 Qd6 43. Rd1 Qb8 44. Rc1 h6 45. b4 axb4 46. Qxb4 Qg3 47. Bf3 Bxf3 48. gxf3 Qxh3+ 0-1

[Event "World Senior chT-65 2019"]
[Site "Rhodes"]
[Date "2019.04.24"]
[Round "9.39"]
[White "Kradolfer, Georg"]
[Black "Palsson, Bertil"]
[Result "1-0"]
[ECO "B38"]
[WhiteElo "2048"]
[BlackElo "1785"]
[Annotator "NA"]
[PlyCount "55"]
[EventDate "2019.04.16"]
[EventType "team-tourn"]
[EventCountry "GRE"]
[SourceTitle "playchess.com"]
[Source "ChessBase"]
[SourceQuality "1"]
[WhiteTeam "Switzerland"]
[BlackTeam "Sweden"]
[WhiteTeamCountry "SUI"]
[BlackTeamCountry "SWE"]
[TimeControl "40/5400+30:1800+30"]

1. c4 c5 2. Nf3 Nf6 3. d4 cxd4 4. Nxd4 g6 5. Nc3 Bg7 6. e4 d6 7. Be2 O-O 8. O-O Nc6 9. Be3 Nxd4 10. Bxd4 b6 11. Rc1 Bb7 12. Qd3 Rc8 13. f4 e6 14. Kh1 Ba6 15. b3 d5 16. exd5 exd5 17. Bxf6 Bxf6 18. Nxd5 Bg7 19. f5 Rc6 20. Rcd1 Re8 21. Bf3 Rd6 22. Ne7+ Qxe7 23. Qxd6 Qxd6 24. Rxd6 gxf5 25. Rfd1 Bc8 26. Rd8 Kf8 27. Bc6 Rxd8 28. Rxd8+ 1-0

[Event "World Senior chT-65 2019"]
[Site "Rhodes"]
[Date "2019.04.24"]
[Round "9.40"]
[White "Gunnarsson, Lennart"]
[Black "Illi, Hans-Joerg"]
[Result "1/2-1/2"]
[ECO "E33"]
[WhiteElo "1752"]
[BlackElo "2002"]
[Annotator "NA RC"]
[PlyCount "36"]
[EventDate "2019.04.16"]
[EventType "team-tourn"]
[EventCountry "GRE"]
[SourceTitle "playchess.com"]
[Source "ChessBase"]
[SourceQuality "1"]
[WhiteTeam "Sweden"]
[BlackTeam "Switzerland"]
[WhiteTeamCountry "SWE"]
[BlackTeamCountry "SUI"]
[TimeControl "40/5400+30:1800+30"]

1. d4 Nf6 2. c4 e6 3. Nc3 Bb4 4. Qc2 Nc6 5. e3 d5 6. Bd2 O-O 7. Nf3 Bxc3 8. Bxc3 Ne4 9. Bd3 f5 10. g3 Ne7 11. Ne5 c6 12. h4 Bd7 13. O-O-O b5 14. c5 Ng6 15. Nxg6 hxg6 16. Be1 Kf7 17. f3 Nf6 18. Bf2 Qa5 1/2-1/2

[Event "World Senior chT-65 2019"]
[Site "Rhodes"]
[Date "2019.04.24"]
[Round "9.41"]
[White "Carlile, Orison"]
[Black "Rooze, Jan"]
[Result "1/2-1/2"]
[ECO "B20"]
[WhiteElo "2037"]
[BlackElo "2261"]
[Annotator "NA"]
[PlyCount "55"]
[EventDate "2019.04.16"]
[EventType "team-tourn"]
[EventCountry "GRE"]
[SourceTitle "playchess.com"]
[Source "ChessBase"]
[SourceQuality "1"]
[WhiteTeam "Ireland"]
[BlackTeam "Belgium"]
[WhiteTeamCountry "IRL"]
[BlackTeamCountry "BEL"]
[TimeControl "40/5400+30:1800+30"]

1. e4 c5 2. a3 g6 3. d4 cxd4 4. c3 d3 5. Bxd3 Bg7 6. Nf3 d6 7. O-O Nc6 8. Re1 Nf6 9. Nbd2 O-O 10. Bc4 Bd7 11. Nd4 Rc8 12. Ba2 Ne5 13. Qe2 Qb6 14. h3 Rfd8 15. Nc4 Qc5 16. Nxe5 dxe5 17. Nb3 Qc7 18. g4 Bc6 19. f3 Nd7 20. Be3 Nf8 21. Rad1 Ne6 22. Rxd8+ Rxd8 23. Rd1 Bf6 24. Rxd8+ Qxd8 25. Qd2 Qxd2 26. Nxd2 Nf4 27. Bxf4 exf4 28. Bd5 1/2-1/2